 Dungeon Crawl Stone Soup version 0.28-a0-1510-gd0f6b136d3 (webtiles) character file.

Game seed: 13046008132280890692

95 enile the Stinger (level 4, -1/26 HPs)
             Began as an Octopode Venom Mage on Jan 14, 2022.
             Was a Believer of Hepliaklqana.
             Succumbed to Robin's poison
             ... on level 2 of the Dungeon.
             The game lasted 00:06:00 (4027 turns).

enile the Stinger (Octopode Venom Mage)             Turns: 4027, Time: 00:06:01

Health: -1/26      AC:  1    Str:  7    XL:     4   Next: 65%
Magic:  7/7        EV: 12    Int: 19    God:    Hepliaklqana [**....]
Gold:   50         SH:  4    Dex: 12    Spells: 3/7 levels left

rFire   + . .      SeeInvis .   c - +0 dagger
rCold   x . .      Faith    .   d - +0 buckler
rNeg    . . .      Spirit   .   (helmet restricted)
rPois   .          Reflect  .   (no amulet)
rElec   .          Harm     .   b - ring of fire
rCorr   .          Rampage  .   (no ring)
Will    .....                   (no ring)
Stlth   +++.......              (no ring)
HPRegen 0.08/turn               (no ring)
MPRegen 0.10/turn               (no ring)
                                (no ring)
                                (no ring)

@: lethally poisoned (-1 -> -14)
A: reduced essence, almost no armour, amphibious, 8 rings, camouflage 1,
gelatinous body 1, (nimble swimmer 1), tentacles
a: Renounce Religion, Recall Ancestor, Ancestor Identity


You were on level 2 of the Dungeon.
You worshipped Hepliaklqana.
Hepliaklqana was pleased with you.
You visited 1 branch of the dungeon, and saw 3 of its levels.

You collected 50 gold pieces.

Inventory:

Hand Weapons
 c - a +0 dagger (weapon)
Missiles
 i - 4 javelins (quivered)
Armour
 d - a +0 buckler (worn)
 h - a +0 cloak
Jewellery
 b - a ring of fire (left tentacle)
 m - a +4 ring of protection
Scrolls
 a - 3 scrolls of identify {unknown}
 f - 2 scrolls of teleportation {unknown}
 g - a scroll of noise {unknown}
 k - a scroll of amnesia {unknown}


   Skills:
 - Level 2.0 Fighting
 - Level 2.0 Short Blades
 + Level 2.0 Dodging
 - Level 3.0 Stealth
 - Level 2.0 Shields
 - Level 2.0 Spellcasting
 - Level 1.0 Transmutations
 - Level 4.0 Poison Magic


You had 3 spell levels left.
You knew the following spells:

 Your Spells              Type           Power      Damage    Failure   Level
a - Sting                 Tmut/Pois      44%        1d5       8%          1
b - Mephitic Cloud        Conj/Pois/Air  6%         N/A       36%         3

Your spell library contained the following spells:

 Spells                   Type           Power      Damage    Failure   Level
 Poisonous Vapours        Pois/Air       18%        N/A       14%         2
 Olgreb's Toxic Radiance  Pois           17%        N/A       38%         4


Dungeon Overview and Level Annotations

Branches:
Dungeon (3/15)

Altars:
Hepliaklqana

Annotations:
D:3 Robin


Innate Abilities, Weirdness & Mutations

Your life essence is reduced to manifest your ancestor. (-10% HP)
You cannot wear most types of armour.
You are amphibious.
You can wear up to eight rings at the same time.
Your skin changes colour to match your surroundings (Stealth+).
Your rubbery body absorbs attacks. (AC +1, EV +1)
((You are camouflaged when in or above water. (Stealth+)))
You have tentacles for arms and can constrict up to eight enemies at once.


Message History

The goblin shoots a stone.
You block the stone.
Ferran points at the goblin and mumbles some strange words.
The goblin resists with significant effort.
The goblin hits you with a +0 club.
You climb upwards.
There is a stone staircase leading down, spattered with blood here.
You hit the goblin. You grab the goblin. You squeeze the goblin.
The goblin is heavily wounded.
You constrict the goblin.
Ferran hits the goblin with a +0 dagger of draining.
The goblin dies!
No target in view!
HP restored.
Things that are here:
a +0 club; a goblin corpse
(D) Dungeon
Where to? (Enter - D:3, ? - help)
There is a stone staircase leading down, spattered with blood here.
You climb downwards.
Level annotation: Robin The goblin shoots a stone.
You block the stone.
Robin hits you from afar with a +2 spear of venom.
You are poisoned.
The goblin shoots a stone.
The stone closely misses you.
Robin hits you from afar with a +2 spear of venom!
You are lethally poisoned!
There is a stone staircase leading up, spattered with blood here.
You feel very sick.
The goblin shoots a stone.
The stone barely misses you.
Ferran hits Robin with a +0 dagger of draining.
Ferran drains Robin.
Robin closely misses Ferran.
You climb upwards.
* * * LOW HITPOINT WARNING * * *
You feel very sick.
There is a stone staircase leading down, spattered with blood here.
Okay, then.
Okay, then.
As you read the scroll labelled BEQIREE YSOMA, it crumbles to dust.
The scroll dissolves into smoke.
It was a scroll of fog.
You die...

##### ....# ###.#
########## #.#
#.....§§R# # #.#
#.######@# ## #
#.## #.# #§#
######## #. #
#..####.######§#
#......# #.
###...#.......##^#
#..###.###.
##......#.###.##.#
#.(###.##..
........#.###.##.#
#..#.......
####.####.......[#
#..#.#.##.# # #.#
#####.####
#......###. # #.#
##.###### ##.....#
##


You could see the friendly Ferran the hexer.

Vanquished Creatures
  2 adders (D:2)
  3 dart slugs
  3 orcs (D:3)
  5 ball pythons
  5 endoplasms
  3 goblins
  5 hobgoblins
  6 kobolds
  A quokka (D:1)
  9 bats
  3 frilled lizards
  3 rats
48 creatures vanquished.

Vanquished Creatures (collateral kills)
  A dart slug (D:2)
  2 orcs (D:3)
  5 goblins
  3 hobgoblins
  2 frilled lizards
13 creatures vanquished.

Grand Total: 61 creatures vanquished

Notes
Turn   | Place    | Note
-------+----------+-------------------------------------------
     0 | D:1      | enile the Octopode Venom Mage began the quest for the Orb.
     0 | D:1      | Reached XP level 1. HP: 11/11 MP: 3/3
    77 | D:1      | Reached skill level 1 in Fighting
   183 | D:1      | Reached XP level 2. HP: 4/18 MP: 0/5
   604 | D:1      | Found a faded altar of an unknown god.
   645 | D:1      | Prayed at the altar of an unknown god.
   645 | D:1      | Became a worshipper of Hepliaklqana the Forgotten
   645 | D:1      | Reached * piety under Hepliaklqana
  1658 | D:1      | Reached skill level 4 in Poison Magic
  1689 | D:1      | Reached XP level 3. HP: 21/21 MP: 2/6
  2001 | D:1      | Reached skill level 1 in Shields
  2616 | D:2      | Reached ** piety under Hepliaklqana
  2627 | D:2      | Remembered your ancestor Ferran as a hexer
  2720 | D:2      | Reached XP level 4. HP: 26/26 MP: 7/7
  2839 | D:2      | Learned a level 3 spell: Mephitic Cloud
  2929 | D:2      | Reached skill level 1 in Short Blades
  3256 | D:3      | Noticed Robin
  4027 | D:2      | Succumbed to Robin's poison

Illustrated notes

Levels and vault maps discovered:
D:1:      minmay_arrival_pointy, layout_basic, basic_ecumenical_altar,
          minivault_27, minmay_misc_feat_square
D:2:      layout_loops_corners, minmay_bisected
D:3:      layout_loops_ring, marbit_many_paths, uniq_crazy_yiuf_cottage,
          uniq_robin, uniq_ijyb

Skill      XL: |  1  2  3  4 |
---------------+-------------+-----
Fighting       | 1 2 |  2.0
Poison Magic   | 4 |  4.0
Shields        | 2 |  2.0
Stealth        | 3 |  3.0
Short Blades   | 2 |  2.0
Dodging        | |  2.0
Spellcasting   | |  2.0
Transmutations | |  1.0

Action                   |  1- 3 |  4- 6 || total
-------------------------+-------+-------++-------
Melee: Unarmed           |    17 |       ||    17
       Tentacles         |     8 |     5 ||    13
       Constrict         |    12 |    12 ||    24
       Dagger            |    26 |    23 ||    49
Throw: Javelin           |       |     2 ||     2
 Cast: Sting             |    31 |     8 ||    39
       Mephitic Cloud    |       |     2 ||     2
Invok: Ancestor Life: He |     1 |       ||     1
       Ancestor Identity |     1 |       ||     1
       Recall Ancestor   |       |     1 ||     1
  Use: Potion            |       |     2 ||     2
       Scroll            |       |     1 ||     1
 Stab: Sleeping          |     9 |     1 ||    10
Armor: Skin              |     6 |     3 ||     9
Dodge: Dodged            |    25 |    24 ||    49
Block: Buckler           |     5 |    12 ||    17

Table legend: (Time is in decaauts)
 A = Elapsed time spent in this place.
 B = Non-inter-level travel time spent in this place.
 C = Inter-level travel time spent in this place.
 D = Time resting spent in this place.
 E = Time spent auto-exploring this place.
 F = Levels seen in this place.
 G = Mean time per level.
                   A        B        C        D        E       F      G
               +--------+--------+--------+--------+--------+-----+--------+
         Total |   4013 |   3675 |    338 |    102 |   3165 |   3 | 1337.7 |
       Dungeon |   4013 |   3675 |    338 |    102 |   3165 |   3 | 1337.7 |
               +--------+--------+--------+--------+--------+-----+--------+

Top non-repeatable levels by time:
     D:1: 2288 daAuts
     D:2: 1688 daAuts
     D:3: 36 daAuts
